zoologist, lawful female human Archeologist --- |..| ---..| --- |...-- --- --(-- ---.|.| |..|---...| |...|.-- |..||....-- ---.--|...| --.||....| |...| --..------.---..-- ---.--- |...............| |...| -..)...--.----.| |.--| -....)--...||.| |...| |......<...||.| --...| --..).....- |.| |....| |.......- |)| --..- -.......| |@| |..| |........| |.| --. |..| --.--....-- |.-- |.) --..| |...| ----- |..-------.. |...| |..- |.....)..... |..-- |..| |..--------- --- --- ---- zoologist the Investigator Experience level: 6 Strength: 13 Dexterity: 13 Constitution: 13 Intelligence: 14 Wisdom: 17 Charisma: 7 Health: 0(44) Energy: 46(46) Def: 2 Gold: 794 Moves: 4692 Dungeon seed: MPM4IJ2084ry1l-M Game ID: zoologist_1526202492 Your Inventory: Coins $ - 794 gold pieces Weapons a - a blessed +2 bullwhip (weapon in hand) i - 34 +0 darts (in quiver) w - 4 +2 daggers Armor e - an uncursed +0 leather jacket (being worn) r - an uncursed +0 orcish helm (being worn) Comestibles b - an uncursed partly eaten food ration O - 2 uncursed food rations W - an uncursed tin of hill orc meat X - an uncursed tin of gnome meat Scrolls p - an uncursed scroll of create monster A - an uncursed scroll of teleportation U - an uncursed scroll of identify Potions D - an uncursed potion of hallucination Rings C - a cursed -1 ring of increase accuracy L - an uncursed ring of warning (on left hand) Wands T - a wand of striking (0:4) Tools d - a tinning kit (0:54) g - an uncursed tin opener h - an uncursed mirror t - an uncursed tin whistle E - an uncursed towel I - an uncursed tin whistle Y - a cursed tallow candle (0:200) Gems n - 2 uncursed agate stones q - an uncursed touchstone y - an uncursed worthless piece of black glass z - 2 uncursed garnet stones K - an uncursed fluorite stone Spells and supernatural/magical abilities: Name Level Category Fail Memory W - pray for help -- divine ? -- Your skills at the end: Fighting Skills Weapon Skills pick-axe [Basic] whip [Skilled] Spellcasting Skills Final Attributes: You were piously aligned. You were warned. You were stealthy. You were fast. You are dead. Vanquished creatures: a giant spider a dog a dust vortex 4 Uruk-hai a shrieker 7 gnome lords 7 gnomish wizards an elf zombie a little dog 2 dwarves a kobold lord 4 hill orcs 2 orc zombies 2 acid blobs a gas spore a hobbit 11 manes a large kobold a hobgoblin 3 giant rats a cave spider a yellow mold 2 green molds a red mold 32 gnomes 2 garter snakes a gnome zombie a gecko 4 jackals 3 foxes a goblin 3 sewer rats 9 grid bugs 6 lichens a kobold zombie 8 newts 129 creatures vanquished. Voluntary challenges: You had been an atheist until turn 3599. You used a wielded weapon 139 times, starting on turn 18. You read items or engraved 8 times, starting on turn 451. You never genocided any monsters. You never polymorphed an object. You never changed form. You used no wishes. You never split a pudding. You wrote Elbereth's name 5 times, starting on turn 451. You never violated your personal moral code. Dungeon overview: The Dungeons of Doom: levels 1 to 5 Level 1 some fountains a long staircase Level 2 a fountain Level 3 stairs to The Gnomish Mines Level 4 some fountains Level 5 The Gnomish Mines: levels 4 to 8 Level 4 stairs to The Dungeons of Doom Level 5 Level 6 many shops, a temple to Quetzalcoatl, some fountains Level 7 Level 8 <- You were here History has recorded: On T:1 you entered the Dungeons of Doom to retrieve the Amulet of Yendor! On T:349 you reached level 2 of The Dungeons of Doom. On T:971 you reached level 3 of The Dungeons of Doom. On T:1569 you reached level 4 of The Dungeons of Doom. On T:1923 you reached level 5 of The Dungeons of Doom. On T:2183 you advanced to experience level 2. On T:2205 you reached level 1 of The Gnomish Mines. On T:2327 you advanced to experience level 3. On T:2406 you advanced to experience level 4. On T:2743 you reached level 2 of The Gnomish Mines. On T:3099 you reached level 3 of The Gnomish Mines. On T:3522 you advanced to experience level 5. On T:3913 you reached level 4 of The Gnomish Mines. On T:4435 you reached level 5 of The Gnomish Mines. On T:4441 you advanced to experience level 6. Score breakdown: Gold: 794 ( 9866 points) Experience: 6 levels (12456 points) Exploration: 8 levels ( 15.69%) (11224 points) Discoveries: 19 items ( 6.38%) ( 7575 points) Valuables value: (no points given unless you survive) Artifact value: 0 ( 0 points) Variety of kills: 36 monsters ( 9.45%) ( 9221 points) Turncount: 4692 turns (-1260 points) Survival: died (score multiplied by 80%) Total score: 39265 Latest messages: It eats an Uruk-hai corpse. You hit the Uruk-hai! (2x) You hear some noises. The Uruk-hai swings her crude bow. The Uruk-hai hits! Azog picks up a coarse mantelet. It is missed. The poisoned crude arrow hits the Uruk-hai. The poisoned crude arrow misses the Uruk-hai. The poisoned crude arrow misses azog. The Uruk-hai hits! The Uruk-hai swings her crude bow. The Uruk-hai hits! Azog misses the Uruk-hai. You write in the dust with your fingers. As you read the scroll, it disappears. You hear some noises in the distance. It is hit. (2x) The hobgoblin swings her bow. The hobgoblin hits! You hit the hobgoblin! It is hit. (3x) It is destroyed! You are hit by an arrow. You die... Final status: Goodbye zoologist the Archeologist, killed by an arrow... You died in The Gnomish Mines on dungeon level 8 with 39265 points, and 794 pieces of gold, after 4692 moves. You were level 6 with a maximum of 44 hit points when you died.